 Dungeon Crawl Stone Soup version 0.29.0-13-gc9e81de378 (webtiles) character file.

Game seed: 9808079527105156337

95 Arctor the Insei (level 4, 0/36 HPs)
             Began as a Draconian Transmuter on Sept 8, 2022.
             Slain by an orc
             ... wielding a +0 trident
              (6 damage)
             ... on level 3 of the Dungeon.
             The game lasted 00:02:20 (2908 turns).

Arctor the Insei (Draconian Transmuter)             Turns: 2908, Time: 00:02:21

Health: 0/36       AC:  5    Str: 12    XL:     4   Next: 39%
Magic:  6/8        EV: 12    Int: 13    God:
Gold:   148        SH:  0    Dex: 14    Spells: 4/8 levels left

rFire   . . .      SeeInvis .     - Unarmed
rCold   . . .      Faith    .   (no shield)
rNeg    . . .      Spirit   .   (body armour unavailable)
rPois   .          Reflect  .   (helmet currently unavailable)
rElec   .          Harm     .   (no cloak)
rCorr   .          Rampage  .   (no gloves)
Will    .....                   (boots currently unavailable)
Stlth   +.........              (no amulet)
HPRegen 0.12/turn               (no ring)
MPRegen 0.11/turn               (no ring)

@: appendages (expiring)
A: horns 2, talons 2, AC +5, unfitting armour, cold-blooded
a: End Transformation


You were on level 3 of the Dungeon.
You had temporarily grown beastly horns and talons.
You visited 1 branch of the dungeon, and saw 3 of its levels.

You collected 148 gold pieces.

Inventory:

Scrolls
 b - 2 scrolls of identify {unknown}
 d - a scroll of immolation {unknown}
 e - a scroll of vulnerability {unknown}
 f - a scroll of fear {unknown}
 g - a scroll of magic mapping {unknown}
Potions
 a - 3 potions of lignification
 c - 2 potions of heal wounds
 h - a potion of curing {unknown}
 i - a potion of degeneration {unknown}


   Skills:
 + Level 2.2 Fighting
 + Level 2.4 Dodging
 + Level 3.5 Unarmed Combat
 + Level 2.6 Spellcasting
 + Level 2.7 Transmutations


You had 4 spell levels left.
You knew the following spells:

 Your Spells              Type           Power      Damage    Failure   Level
a - Beastly Appendage     Tmut           16%        N/A       8%          1
b - Spider Form           Tmut/Pois      5%         N/A       38%         3

Your spell library contained the following spells:

 Spells                   Type           Power      Damage    Failure   Level
 Wereblood                Tmut           8%         N/A       12%         2
 Gell's Gravitas          Tloc           1%         N/A       58%         3
 Lesser Beckoning         Tloc           1%         N/A       58%         3
 Teleport Other           Tloc           1%         N/A       58%         3
 Ice Form                 Ice/Tmut       5%         N/A       80%         4


Dungeon Overview and Level Annotations

Branches:
Dungeon (3/15)

Altars:
Dithmenos
Qazlal
Trog
Xom

Shops:
D:1 *


Innate Abilities, Weirdness & Mutations

You have temporarily grown beastly horns and talons.
Your plain brown scales are hard. (AC +5)
You cannot fit into any form of body armour.
You are cold-blooded and may be slowed by cold attacks.


Message History

You headbutt the orc wizard, but do no damage.
You tail-slap the orc wizard.
The orc wizard is lightly wounded.
The orc completely misses you.
You hit the orc wizard.
You claw the orc wizard, but do no damage.
You tail-slap the orc wizard.
The orc wizard is heavily wounded.
Your transformation is almost over.
The orc hits you from afar with a +0 trident.
Casting: Beastly Appendage (safe; 8% risk of failure)
Confirm with . or Enter, or press ? or * to list all spells.
You extend your transformation's duration.
The orc wizard casts a spell at you. You resist with some effort.
The orc hits you with a +0 hand axe. The orc barely misses you.
You hear a shout!
The orc wizard attacks as you move away!
The orc wizard barely misses you.
Things that are here:
a +0 whip; a boomerang; an orc corpse You hit the orc wizard.
You claw the orc wizard, but do no damage.
The orc wizard is severely wounded.
The orc wizard hits you with a +0 dagger.
The orc hits you but does no damage.
You barely miss the orc wizard. You claw the orc wizard.
You tail-slap the orc wizard.
The orc wizard is almost dead.
The orc wizard closely misses you.
The orc hits you from afar with a +0 trident.
* * * LOW HITPOINT WARNING * * *
You barely miss the orc wizard.
The orc wizard is almost dead.
Your transformation is almost over.
The orc wizard casts a spell.
The orc wizard flickers and vanishes!
Deactivating autopickup; reactivate with Ctrl-A.
The orc hits you from afar with a +0 trident.
You die...

#.#.#..##....##...
#.#....######.....
#.###.######......
#................#
#).........#..##.#
#
#.##.......#..#...
o#.
#.#........#..#...
o..o
#)#....##..####...


ooo.. #@#....+.........# ......#{##...##.#.###... #.oo##...##.....###.
#o###########.... . #. ##.. . # You could see an orc priest and 2 orcs.

Vanquished Creatures
  An orc wizard (D:3)
  2 adders (D:2)
  A worm (D:2)
  4 orcs (D:3)
  5 endoplasms
  4 giant cockroaches
  7 goblins
  2 hobgoblins
  2 jackals (D:2)
  2 quokkas (D:3)
  A ball python (D:1)
  2 bats
  6 frilled lizards
  2 kobolds (D:2)
  A rat (D:1)
42 creatures vanquished.

Vanquished Creatures (others)
  8 plants (D:3)
8 creatures vanquished.

Grand Total: 50 creatures vanquished

Notes
Turn   | Place    | Note
-------+----------+-------------------------------------------
     0 | D:1      | Arctor the Draconian Transmuter began the quest for the
                  | Orb.
     0 | D:1      | Reached XP level 1. HP: 16/16 MP: 3/3
   650 | D:1      | Reached XP level 2. HP: 13/23 MP: 3/5
   781 | D:1      | Found Dewisyt's General Store.
   791 | D:1      | You fall into a shaft and drop 1 floor!
  1480 | D:2      | Identified the +7 short sword "Mefosiwk" {freeze, rPois}
  1556 | D:2      | Reached XP level 3. HP: 16/29 MP: 4/6
  2081 | D:3      | Found a shadowy altar of Dithmenos.
  2210 | D:3      | Found a bloodstained altar of Trog.
  2219 | D:3      | Found a shimmering altar of Xom.
  2259 | D:3      | Found a stormy altar of Qazlal.
  2464 | D:3      | Learned a level 3 spell: Spider Form
  2736 | D:3      | Reached XP level 4. HP: 11/36 MP: 7/7
  2908 | D:3      | Slain by an orc

Illustrated notes

Levels and vault maps discovered:
D:1:      minmay_arrival_semitransparent, layout_basic, serial_shops,
          nicolae_shop_statue_plus, ebering_ecumenical_altar_hall
D:2:      layout_loops_ring, grunt_decor_one_mirror, kennysheep_nondescript
D:3:      layout_basic, grunt_dithmenos_smoke_and_mirrors,
          mainiacjoe_overflow_cross_hatched, mainiacjoe_overflow_swirl

Skill      XL: |  1  2  3 |
---------------+----------+-----
Dodging        | 2 |  2.4
Fighting       | 2 |  2.2
Unarmed Combat | |  3.5
Spellcasting   | |  2.6
Transmutations | |  2.7

Action                   |  1- 3 |  4- 6 || total
-------------------------+-------+-------++-------
Melee: Unarmed           |   159 |    10 ||   169
       Kick              |    15 |     6 ||    21
       Headbutt          |    15 |     2 ||    17
       Tailslap          |    20 |     3 ||    23
       Punch             |     4 |       ||     4
 Cast: Beastly Appendage |    17 |     2 ||    19
  Use: Potion            |     1 |       ||     1
Armor: Skin              |    53 |     1 ||    54
Dodge: Dodged            |   103 |     8 ||   111
